AoeStats
← Jan Itor

Fortress

508964268Analyzed
4v4 RM · 8d ago on Sep 24, 2026· 32m 23s· 8 players
Game mode
Random Map
Map size
Huge
Population
200
Speed
Normal
Resources
Standard
Victory
Conquest
Starting age
Dark Age
Ending age
Imperial Age
RankedLock teamsTeams togetherTeam positionsShared explorationLock speedFull tech treeHidden civsTurbo modeCheats
Victory
Defeat
🇧🇷 Malay · Brazil
1896
+12
🇧🇷 Persians · Brazil
1894
+12
🇧🇷 Vikings · Brazil
1811
+15
🇧🇷 Goths · Brazil
1745
+17
🇦🇷 Maya · Argentina
1847
-16
🇩🇪 Koreans · Germany
1810
-15
🇨🇳 Bengalis · China
1800
-14
🇩🇰 Cumans · Denmark
1717
-11
< blank >
7:04 Feudal Age
11:33 Castle Age
9:22 Double-Bit Axe
9:40 Horse Collar
12:30 Bow Saw
15:04 Wheelbarrow
22:18 Imperial Age
20:09 Gold Mining
20:23 Fletching
20:24 Loom
21:00 Hand Cart
20:57 Stone Mining
21:07 Fletching
21:30 Heavy Plow
21:59 Bodkin Arrow
22:23 Padded Archer Armor
23:15 Bracer
24:09 Block Printing
24:22 Ballistics
25:53 Sanctity
26:25 Illumination
27:14 Chemistry
28:02 Leather Archer Armor
27:51 Pikeman
28:32 Squires
28:33 Scale Mail Armor
28:44 Forging
28:47 Halberdier
30:10 Chain Mail Armor
30:51 Theocracy
32:22 Iron Casting
CristinaLover
8:38 Feudal Age
9:14 Double-Bit Axe
12:16 Castle Age
10:48 Horse Collar
13:18 Bow Saw
14:42 Heavy Plow
16:51 Loom
27:22 Wheelbarrow
Jan Itor
8:10 Feudal Age
9:06 Horse Collar
9:32 Double-Bit Axe
11:56 Castle Age
12:51 Heavy Plow
13:45 Bow Saw
16:47 Squires
16:44 Man-at-Arms
17:34 Long Swordsman
18:43 Scale Mail Armor
19:56 Chain Mail Armor
22:15 Forging
23:17 Loom
24:10 Wheelbarrow
23:27 Town Watch
30:19 Imperial Age
28:36 Fletching
29:22 Hand Cart
29:12 Bodkin Arrow
28:38 Crossbowman
30:20 Fortified Wall
31:01 Masonry
32:22 Bracer
Gary_zZ
7:11 Feudal Age
10:49 Castle Age
9:10 Double-Bit Axe
10:06 Horse Collar
11:57 Bow Saw
12:27 Heavy Plow
17:54 Wheelbarrow
18:19 Gold Mining
18:42 Stone Mining
20:06 Hand Cart
21:23 Loom
21:23 Town Watch
25:09 Imperial Age
22:54 Fletching
23:27 Ballistics
23:35 Padded Archer Armor
23:42 Thumb Ring
24:57 Bodkin Arrow
27:35 Imperial Age
26:55 Leather Archer Armor
28:22 Masonry
28:54 Bracer
30:20 Chemistry
30:10 Conscription
29:29 Elite Plumed Archer
30:52 Ring Archer Armor
31:10 Caravan
32:11 Scale Mail Armor
32:21 Forging
31:32 Pikeman
32:13 Squires
Fs.Kawan
7:13 Feudal Age
10:50 Castle Age
9:11 Double-Bit Axe
9:51 Horse Collar
11:49 Bow Saw
11:42 Heavy Plow
13:11 Heavy Plow
24:02 Gold Mining
24:49 Caravan
27:42 Imperial Age
26:34 Gold Shaft Mining
26:54 Fletching
27:04 Padded Archer Armor
28:03 Loom
27:51 Capped Ram
28:33 Bodkin Arrow
29:00 Ballistics
29:40 Chemistry
29:01 Siege Engineers
29:58 Chemistry
29:03 Town Watch
29:01 Siege Ram
29:53 Bracer
30:41 Ballistics
31:22 Chemistry
31:08 Leather Archer Armor
Oni.GoKu
6:58 Feudal Age
10:51 Castle Age
9:09 Double-Bit Axe
9:19 Horse Collar
11:36 Bow Saw
13:47 Wheelbarrow
17:19 Wheelbarrow
16:30 Loom
17:24 Heavy Plow
20:09 Hand Cart
20:13 Gold Mining
25:49 Imperial Age
23:43 Bloodlines
23:34 Husbandry
23:52 Scale Barding Armor
25:04 Chain Barding Armor
25:49 Forging
25:32 Stone Mining
27:05 Plate Barding Armor
27:27 Elite War Elephant
29:06 Iron Casting
28:53 Conscription
28:58 Town Watch
31:12 Blast Furnace
32:11 Caravan
32:13 Devotion
GAX | Elon Monks
7:17 Feudal Age
10:50 Castle Age
10:07 Double-Bit Axe
10:02 Horse Collar
11:41 Bow Saw
19:49 Loom
20:40 Wheelbarrow
19:51 Town Watch
20:50 Gold Mining
25:37 Imperial Age
23:30 Scale Mail Armor
23:48 Squires
23:57 Anarchy
24:41 Chain Mail Armor
26:03 Forging
26:14 Heavy Plow
27:38 Conscription
27:20 Elite Huskarl
29:56 Crop Rotation
31:16 Two-Man Saw
30:56 Iron Casting
32:14 Caravan
Fs.FASTURTLE
8:50 Feudal Age
9:30 Double-Bit Axe
12:05 Castle Age
9:56 Horse Collar
10:40 Gold Mining
11:59 Bow Saw
14:08 Squires
14:20 Town Watch
15:53 Wheelbarrow
17:16 Forging
19:57 Loom
21:49 Heavy Plow
21:41 Stone Mining
23:13 Iron Casting
28:04 Imperial Age
27:10 Elite Karambit Warrior
28:47 Conscription
29:41 Blast Furnace
32:44 Hand Cart
33:12 Gold Shaft Mining
Connection lost

Rejoining the realm…

Still unreachable

The connection could not be restored.

Session expired

The server has moved on; the page needs a fresh start.